 Dungeon Sprint DCSS version 0.28-a0-97-g102d6777a4 (webtiles) character file.

Game seed: 7490785504894394711

5395 MikeHunt the Grappler (level 10, -17/111 HPs)
             Began as a Troll Artificer on Aug 9, 2021.
             Was an Initiate of Gozag.
             Demolished by a spriggan defender (20 damage)
             ... in the Dungeon (Sprint IV: "Fedhas' Mad Dash").
             The game lasted 00:11:16 (1766 turns).

MikeHunt the Grappler (Troll Artificer)             Turns: 1766, Time: 00:11:16

Health: -17/111    AC:  4    Str: 22    XL:     10   Next: 40%
Magic:  9/9        EV: 14    Int:  7    God:    Gozag
Gold:   127        SH:  0    Dex: 13    Spells: 9/9 levels left

rFire   + . .      SeeInvis .     - Unarmed
rCold   . . .      Faith    .   (no shield)
rNeg    . . .      Spirit   .   b - +0 robe
rPois   .          Reflect  .   (helmet restricted)
rElec   .          Harm     .   (no cloak)
rCorr   .          Rampage  .   (gloves unavailable)
Will    .....      NoTele   +   (boots unavailable)
Stlth   +.........              a - amulet of invisibility {+Inv}
HPRegen 1.28/turn               k - ring of protection from fire
MPRegen 0.11/turn               (no ring)

@: hasted, very quick
A: large, unfitting armour, claws 3, regeneration 1, shaggy fur 1, tough skin 1
a: Renounce Religion, Evoke Invisibility, Potion Petition, Call Merchant, Bribe
Branch


You were in the Dungeon.
You worshipped Gozag.
Gozag was aware of your devotion.
You visited 1 branch You collected 1967 gold pieces.
You spent 660 gold pieces at shops.
You paid 1180 gold pieces to Gozag.

Inventory:

Missiles
 m - 16 poisoned darts (quivered)
Armour
 b - a +0 robe (worn)
Jewellery
 a - the amulet of invisibility (around neck) {+Inv}
   (You found it in the Dungeon)

   [amulet of nothing]

   +Inv:      It lets you turn invisible.
 k - a ring of protection from fire (left claw)
 l - an amulet of regeneration
Wands
 c - a wand of flame (3)
 d - a wand of charming (6)
Scrolls
 g - a scroll of identify {unknown}
 j - a scroll of summoning {unknown}
Potions
 f - a potion of ambrosia {unknown}
 h - a potion of haste
 i - 2 potions of magic
Miscellaneous
 e - a piece from Xom's chessboard (15/15)


   Skills:
 - Level 10.4 Fighting
 + Level 4.5 Throwing
 - Level 11.1 Dodging
 - Level 0.3 Stealth
 - Level 12.7 Unarmed Combat
 - Level 8.6 Evocations


You had 9 spell levels left.
You didn't know any spells.
Your spell library contained the following spells:

 Spells                   Type           Power      Damage    Failure   Level
 Frozen Ramparts          Ice            0%         1d2       80%         3
 Ice Form                 Ice/Tmut       0%         N/A       99%         4
 Summon Ice Beast         Ice/Summ       0%         N/A       99%         4
 Fireball                 Conj/Fire      0%         3d3       100%        5
 Starburst                Conj/Fire      0%         8x6d3     100%        6
 Ignition                 Fire           0%         3d3       100%        8


Dungeon Overview and Level Annotations

Branches:
Dungeon (1/1)

Altars:
Cheibriados
Dithmenos
Elyvilon
Gozag
Hepliaklqana
Kikubaaqudgha
Makhleb
Nemelex Xobeh
Okawaru
Qazlal
Ru
Sif Muna
Trog
Uskayaw
Vehumet
Wu Jian
Xom
Yredelemnul
Zin
The Shining One
Beogh
Jiyva
Lugonu

Shops:
D ((*?(=


Innate Abilities, Weirdness & Mutations

You are too large for most types of armour.
You have claws for hands.
Your natural rate of healing is unusually fast.
You are covered in fur. (AC +1)
You have tough skin. (AC +1)


Message History

You open the door.
There is an open door, spattered with blood here.
Things that are here:
a +0 robe; a +0 lajatang of electrocution You now have 127 gold pieces (gained 36).
There is an open door, spattered with blood here.
Things that are here:
a +0 flail; a +0 animal skin
m - 16 poisoned darts (gained 1)
Found Moecs's Magic Scroll Shoppe.
A spriggan defender comes into view. It is wielding a +6 quick blade.
The spriggan defender shouts!
Found a Necronomicon.
The spriggan defender hits you with a +6 quick blade!!
There is an entrance to Utonlu's Assorted Antiques here.
You closely miss the spriggan defender.
The spriggan defender hits you with a +6 quick blade!!
Okay, then.
Unknown command.
The spriggan defender blocks your attack.
The spriggan defender hits you with a +6 quick blade!! x2
* * * LOW HITPOINT WARNING * * *
Okay, then.
Unknown command.
Okay, then.
You feel yourself speed up.
The spriggan defender hits you with a +6 quick blade!
* * * LOW HITPOINT WARNING * * *
You mangle the spriggan defender!!
The spriggan defender is heavily wounded.
The spriggan defender hits you with a +6 quick blade!
* * * LOW HITPOINT WARNING * * *
You miss the spriggan defender.
The spriggan defender is heavily wounded.
The spriggan defender completely misses you.
The spriggan defender blocks your attack.
The spriggan defender is heavily wounded.
The spriggan defender hits you with a +6 quick blade!!
You die...
Your body crumbles into a pile of gold.

############# $
♣..♣.###.'..+
.♣..♣##..#[.#
♣.♣..###.##)#
♣...♣'...#♣.♣###
##########.....####
#..♣..♣....###
#...♣......♣...♣###
.......♣.....@i∩...:#
#####################
$ $ $


$$$$ $ You could see a spriggan defender.

Vanquished Creatures
  Agnes (D)
  A spriggan berserker (D)
  A spriggan druid (D)
  3 oklob plants (D)
  3 burning bushes (D)
  3 wandering mushrooms (D)
  A killer bee (D)
  3 scorpions (D)
  4 oklob saplings (D)
  2 spriggans (D)
  A river rat (D)
  A rat (D)
  A ballistomycete spore (D)
25 creatures vanquished.

Vanquished Creatures (collateral kills)
  A queen bee (D)
  2 killer bees (D)
  An oklob sapling (D)
4 creatures vanquished.

Vanquished Creatures (others)
  A killer bee (D)
1 creature vanquished.

Grand Total: 30 creatures vanquished

Notes
Turn   | Place    | Note
-------+----------+-------------------------------------------
     0 | D        | MikeHunt the Troll Artificer began the quest for the Orb.
     0 | D        | Reached XP level 1. HP: 18/18 MP: 0/0
    10 | D        | Reached skill level 2 in Unarmed Combat
    10 | D        | Reached XP level 2. HP: 26/26 MP: 1/1
    18 | D        | Noticed an oklob sapling
    20 | D        | Killed an oklob sapling
    21 | D        | Reached skill level 3 in Unarmed Combat
    21 | D        | Reached XP level 3. HP: 32/32 MP: 2/2
    22 | D        | Noticed a scorpion
    23 | D        | Found the amulet of invisibility {+Inv}
    25 | D        | Killed a scorpion
    26 | D        | Reached skill level 4 in Unarmed Combat
    26 | D        | Reached XP level 4. HP: 40/40 MP: 3/3
   164 | D        | Reached skill level 5 in Unarmed Combat
   280 | D        | Found an opulent altar of Gozag.
   280 | D        | Found a hazy altar of Hepliaklqana.
   280 | D        | Found a snail-covered altar of Cheibriados.
   281 | D        | Found a viscous altar of Jiyva.
   281 | D        | Found a burning altar of Makhleb.
   281 | D        | Found a sparkling altar of Nemelex Xobeh.
   281 | D        | Found a sacrificial altar of Ru.
   281 | D        | Found a shimmering blue altar of Sif Muna.
   281 | D        | Found a bloodstained altar of Trog.
   281 | D        | Found an ornate altar of the Wu Jian Council.
   281 | D        | Found a shimmering altar of Xom.
   281 | D        | Found a basalt altar of Yredelemnul.
   282 | D        | Found an iron altar of Okawaru.
   282 | D        | Found a shadowy altar of Dithmenos.
   282 | D        | Found a glowing silver altar of Zin.
   283 | D        | Found an ancient bone altar of Kikubaaqudgha.
   283 | D        | Found a hide-covered altar of Uskayaw.
   284 | D        | Found a stormy altar of Qazlal.
   284 | D        | Found a white marble altar of Elyvilon.
   284 | D        | Found a glowing golden altar of the Shining One.
   285 | D        | Became a worshipper of Gozag Ym Sagoz the Greedy
   286 | D        | Found a radiant altar of Vehumet.
   286 | D        | Found a corrupted altar of Lugonu.
   292 | D        | Reached skill level 5 in Dodging
   292 | D        | Reached skill level 6 in Unarmed Combat
   292 | D        | Reached skill level 5 in Evocations
   292 | D        | Reached XP level 5. HP: 46/46 MP: 2/4
   323 | D        | Noticed a queen bee
   339 | D        | Killed a queen bee
   340 | D        | Reached skill level 7 in Unarmed Combat
   340 | D        | Reached XP level 6. HP: 54/54 MP: 5/5
   379 | D        | Reached skill level 8 in Unarmed Combat
   433 | D        | Noticed an oklob plant
   440 | D        | Killed an oklob plant
   441 | D        | Reached skill level 9 in Unarmed Combat
   441 | D        | Reached XP level 7. HP: 61/61 MP: 3/6
   564 | D        | Noticed a burning bush
   579 | D        | Killed a burning bush
   580 | D        | Reached skill level 10 in Unarmed Combat
   580 | D        | Reached XP level 8. HP: 45/68 MP: 5/7
   593 | D        | Noticed a burning bush
   593 | D        | Noticed an oklob plant
   728 | D        | Identified the +3 leather armour of Gallantry {Str+4}
   863 | D        | Found Ichudool's Antique Weapon Shop.
   863 | D        | Found Akhues's Antique Weapon Emporium.
   867 | D        | Noticed a burning bush
   867 | D        | Noticed a wandering mushroom
   952 | D        | Noticed a wandering mushroom
   960 | D        | Killed a burning bush
  1099 | D        | Killed an oklob plant
  1100 | D        | Reached XP level 9. HP: 38/92 MP: 6/8
  1148 | D        | Killed a wandering mushroom
  1174 | D        | Noticed a spriggan druid
  1187 | D        | Killed a spriggan druid
  1250 | D        | Noticed an oklob plant conjurer
  1255 | D        | Killed an oklob plant conjurer
  1256 | D        | Reached skill level 10 in Fighting
  1387 | D        | Noticed Agnes
  1394 | D        | HP: 2/102 [Agnes (23)]
  1399 | D        | Killed Agnes
  1400 | D        | Reached skill level 10 in Dodging
  1400 | D        | Reached skill level 12 in Unarmed Combat
  1400 | D        | Reached XP level 10. HP: 11/111 MP: 9/9
  1583 | D        | Found Tadghu's Jewellery Emporium.
  1583 | D        | Found Diumem's Antique Weapon Shoppe.
  1590 | D        | Bought a ring of protection from fire for 300 gold pieces
  1591 | D        | Bought an amulet of regeneration for 360 gold pieces
  1662 | D        | Found Utonlu's Assorted Antiques.
  1662 | D        | Noticed a spriggan berserker
  1667 | D        | Noticed a death yak
  1671 | D        | Killed a spriggan berserker
  1755 | D        | Found Moecs's Magic Scroll Shoppe.
  1758 | D        | Noticed a spriggan defender
  1764 | D        | HP: 1/111 [spriggan defender (13)]
  1766 | D        | Demolished by a spriggan defender

Illustrated notes

Levels and vault maps discovered:
D:        dungeon_sprint_fedhas [sprint_temple]

Skill      XL: |  1  2  3  4  5  6  7  8  9 10 |
---------------+-------------------------------+-----
Dodging        | 2 3 4 5 6 8 9 10 11 | 11.1
Unarmed Combat | 2 3 4 6 7 9 10 12 | 12.7
Evocations     | 3 4 5 6 7 8 |  8.6
Fighting       | 6 10 | 10.4
Throwing       | 4 |  4.5
Stealth        | |  0.3

Action                   |  1- 3 |  4- 6 |  7- 9 | 10-12 || total
-------------------------+-------+-------+-------+-------++-------
Melee: Unarmed           |     6 |    23 |    55 |    26 ||   110
       Punch             |       |     2 |     7 |     2 ||    11
Throw: Dart              |       |       |       |     1 ||     1
Invok: Potion Petition   |       |       |     3 |       ||     3
 Abil: Evoke Invisibilit |       |     4 |     7 |       ||    11
Evoke: Wand              |     2 |    10 |     9 |       ||    21
  Use: Potion            |     1 |     1 |     1 |     1 ||     4
       Scroll            |       |       |     1 |       ||     1
 Stab: Invisible         |       |     2 |     1 |       ||     3
       Sleeping          |       |     2 |     1 |       ||     3
Armor: Robe              |     1 |     7 |     3 |     2 ||    13
Dodge: Dodged            |     2 |    16 |    14 |     7 ||    39

Table legend: (Time is in decaauts)
 A = Elapsed time spent in this place.
 B = Non-inter-level travel time spent in this place.
 C = Inter-level travel time spent in this place.
 D = Time resting spent in this place.
 E = Time spent auto-exploring this place.
 F = Levels seen in this place.
 G = Mean time per level.
                   A        B        C        D        E       F      G
               +--------+--------+--------+--------+--------+-----+--------+
         Total |   1748 |   1643 |    105 |   1011 |      0 |   1 | 1748.0 |
       Dungeon |   1748 |   1643 |    105 |   1011 |      0 |   1 | 1748.0 |
               +--------+--------+--------+--------+--------+-----+--------+

Top non-repeatable levels by time:
       D: 1748 daAuts
